 Dungeon Crawl Stone Soup version 0.19-a0-1931-gf4bb0bd (webtiles) character file.

8824 Promi the Skirmisher (level 10, -3/83 HPs)
             Began as a Demigod Wizard on Oct 24, 2016.
             Slain by a freezing wraith (22 damage)
             ... on level 10 of the Dungeon on Oct 25, 2016.
             The game lasted 02:05:52 (25795 turns).

Promi the Skirmisher (Demigod Wizard)              Turns: 25795, Time: 02:05:52

Health: -3/83      AC: 17    Str: 10    XL:     10   Next: 93%
Magic:  7/22       EV: 14    Int: 28    God:
Gold:   233        SH:  5    Dex: 14    Spells: 8 memorised, 1 level left

rFire  + . .     SeeInvis .     H - +0 rapier
rCold  . . .     Gourm    .     C - +2 leather armour {rF+}
rNeg   . . .     Faith    .     e - +0 buckler
rPois  .         Spirit   .     b - +2 hat
rElec  .         Reflect  .     (no cloak)
rCorr  +         Harm     .     l - +2 pair of gloves
MR     +....                    (no boots)
Stlth  ++........               (no amulet)
                                z - +5 ring of protection
                                u - ring of resist corrosion

@: no status effects
A: slimy green scales 1, blink, high mp 1
a: Blink


You were on level 10 of the Dungeon.
You were not hungry.

You visited 2 branches of the dungeon, and saw 12 of its levels.

You collected 522 gold pieces.
You spent 289 gold pieces at shops.

Inventory:

Hand Weapons
 f - a +1 dagger
 H - a +0 rapier (weapon)
Armour
 a - a +0 cloak
 b - a +2 hat (worn)
 e - a +0 buckler (worn)
 h - a +0 troll leather armour
 l - a +2 pair of gloves (worn)
 n - the +0 ring mail of the Orb {rPois}
   (You found it on level 7 of the Dungeon)

   It protects you from poison.
 r - a +0 ring mail
 C - a +2 leather armour of fire resistance (worn)
Magical Staves
 y - an uncursed staff of conjuration
Jewellery
 u - a ring of resist corrosion (left hand)
 z - a +5 ring of protection (right hand)
Wands
 D - a wand of iceblast (2/15)
 E - a wand of enslavement (15/24)
 G - a wand of acid (2/15)
Scrolls
 c - 2 scrolls of fear
 g - 4 scrolls of remove curse
 j - 3 scrolls of identify
 k - 2 scrolls of recharging
 q - a scroll of magic mapping
 A - 5 scrolls of amnesia
Potions
 i - 2 potions of berserk rage
 o - 3 potions of curing
 p - 3 potions of agility
 s - 2 potions of lignification
 t - a potion of mutation
 B - a potion of cancellation
Books
 v - a book of Misfortune

   Spells                             Type                      Level
   a - Confusing Touch                Hexes                        1
   b - Confuse                        Hexes                        3
   c - Gell's Gravitas                Hexes/Translocation          3
   d - Petrify                        Transmutation/Earth          4
   e - Metabolic Englaciation         Hexes/Ice                    5
   f - Yara's Violent Unravelling     Hexes/Transmutation          5
Comestibles
 m - 2 meat rations


   Skills:
 - Level 6.3 Fighting
 - Level 4.7 Short Blades
 - Level 4.6 Armour
 - Level 5.6 Dodging
 - Level 2.1 Stealth
 - Level 4.5 Shields
 - Level 5.6 Spellcasting
 - Level 4.4 Conjurations
 - Level 3.6 Summonings
 - Level 0.8 Translocations
 + Level 4.8 Transmutations
 + Level 4.7 Earth Magic


You had one spell level left.
You knew the following spells:

 Your Spells              Type           Power        Failure   Level  Hunger
a - Magic Dart            Conj           ####         1%          1    None
b - Blink                 Tloc           N/A          12%         2    None
c - Call Imp              Summ           ####....     2%          2    None
d - Repel Missiles        Chrm/Air       #.....       14%         2    None
e - Slow                  Hex            #.......     14%         2    None
f - Conjure Flame         Conj/Fire      ###.....     12%         3    None
g - Mephitic Cloud        Conj/Pois/Air  ###.....     17%         3    None
h - Petrify               Tmut/Erth      ####....     14%         4    ###....


Dungeon Overview and Level Annotations

Branches:
Dungeon (11/15)            Temple (0/1) D:6            Lair (1/6) D:9
    Orc: D:9-12

Shops:
D:7 %   D:9 =?*=

Annotations:
D:5 1 runed door


Innate Abilities, Weirdness & Mutations

You have an increased reservoir of magic. (+10% MP)
You are partially covered in slimy green scales. (AC +2)
You can translocate small distances at will.


Message History

The freezing wraith resists with some effort.
The freezing wraith hits you. The freezing wraith freezes you!!
The freezing wraith barely misses you.
Casting: Petrify
Confirm with . or Enter, or press ? or * to list all spells.
Aiming: Petrify
Press: ? - help, Shift-Dir - straight line, f/p - freezing wraith
Aim: a freezing wraith (chance to defeat MR: 45%)
The freezing wraith is unaffected.
The freezing wraith hits you! The freezing wraith freezes you!!
The freezing wraith hits you but does no damage.
Casting: Petrify
Confirm with . or Enter, or press ? or * to list all spells.
Aiming: Petrify
Press: ? - help, Shift-Dir - straight line, f/p - freezing wraith
Aim: a freezing wraith (chance to defeat MR: 45%)
The freezing wraith is unaffected.
The freezing wraith hits you!
* * * LOW HITPOINT WARNING * * *
The freezing wraith freezes you!!
You die...

####.)..)##...# ##.⌠.
.⌠.## ....<.#......##
....... ..###.##....##
....... .[# #.##....##
$⌠...⌠. ..# #.#......##
#.# #....##...# #..
#...###...####
##.##....###..'..#
##.......##...##@#
.####.#......###W#
.###..##....## #o#######'#
......##....## #..(.......
###<..#..)...######Y.##o.#
.........##...# ..#
........###.[.# ##W.
###......###..# ..#
##.......##...# #..


You could see a freezing wraith and an orc.

Vanquished Creatures
  An orc knight (D:10)
  A troll (D:9)
  A blink frog (Lair:1)
  2 hippogriffs
  2 wyverns (D:9)
  A yak (D:9)
  A hungry ghost (D:11)
  Edmund (D:6)
  3 water moccasins
  A porcupine (D:9)
  6 orc warriors
  An ice beast (D:10)
  3 black bears
  2 sky beasts
  An eye of draining (D:9)
  5 ogres
  4 phantoms
  A necrophage (D:10)
  3 wolves
  A centaur (D:9)
  2 crocodiles
  A big kobold (D:11)
  4 bullfrogs
  A wyvern skeleton (D:10)
  2 scorpions
  A troll zombie (D:11)
  14 killer bees
  4 electric eels (D:9)
  7 howler monkeys
  4 crimson imps
  4 jellies
  4 orc priests
  A gnoll shaman (D:6)
  8 hounds
  2 iguanas
  5 orc wizards
  A centaur skeleton (D:10)
  Terence (D:3)
  4 worker ants
  A killer bee zombie (D:8)
  2 hound zombies
  3 hound skeletons
  9 gnolls
  8 adders
  2 howler monkey skeletons
  2 shadow imps
  2 adder skeletons
  3 worms
  3 dart slugs
  4 leopard geckos
  32 orcs
  2 ball pythons
  10 bats
  7 giant cockroaches
  9 goblins
  10 hobgoblins
  16 jackals
  7 quokkas
  7 frilled lizards
  A goblin zombie (D:11)
  A hobgoblin zombie (D:11)
  9 kobolds
  An orc zombie (D:11)
  A quokka skeleton (D:4)
  7 rats
270 creatures vanquished.

Vanquished Creatures (collateral kills)
  A komodo dragon (D:9)
  A hippogriff (Lair:1)
  Sigmund (D:5)
  A wyvern (D:8)
  A water moccasin (Lair:1)
  A black bear (D:6)
  2 ice beasts
  A wolf (D:8)
  4 ogres
  A necrophage (D:8)
  2 centaurs
  A bullfrog (D:7)
  A scorpion (D:5)
  A killer bee (D:11)
  2 howler monkeys (D:7)
  4 crimson imps
  A hound (D:6)
  2 quasits
  A jelly (D:9)
  An iguana (D:5)
  3 orc wizards
  4 worker ants
  An ogre zombie (D:11)
  A hound zombie (D:8)
  7 gnolls
  3 worms
  2 orcs
  A giant cockroach (D:4)
  2 hobgoblins
  A jackal (D:8)
  A frilled lizard (D:4)
  A goblin zombie (D:11)
57 creatures vanquished.

Vanquished Creatures (others)
  3 fungi
3 creatures vanquished.

Grand Total: 330 creatures vanquished

Notes
Turn   | Place    | Note
-------+----------+-------------------------------------------
     0 | D:1      | Promi the Demigod Wizard began the quest for the Orb.
     0 | D:1      | Reached XP level 1. HP: 14/14 MP: 6/6
   180 | D:1      | Reached skill level 1 in Conjurations
   392 | D:1      | Reached XP level 2. HP: 20/20 MP: 5/8
   396 | D:1      | Learned a level 2 spell: Blink
   399 | D:1      | Learned a level 2 spell: Call Imp
  1032 | D:2      | Reached skill level 1 in Summonings
  1161 | D:2      | Found a faded altar of an unknown god.
  1340 | D:1      | Reached XP level 3. HP: 23/27 MP: 2/10
  2989 | D:3      | Learned a level 2 spell: Repel Missiles
  3031 | D:3      | Reached skill level 1 in Fighting
  3098 | D:3      | Noticed Terence
  3150 | D:3      | Killed Terence
  3150 | D:3      | Reached XP level 4. HP: 12/35 MP: 1/11
  4326 | D:3      | Found a shattered altar of Ashenzari.
  4505 | D:4      | Noticed a black bear
  4512 | D:3      | Reached XP level 5. HP: 35/41 MP: 6/12
  4588 | D:4      | Learned a level 2 spell: Slow
  4857 | D:4      | Reached skill level 2 in Fighting
  4980 | D:4      | Killed a black bear
  5164 | D:4      | Found a white marble altar of Elyvilon.
  5372 | D:4      | Reached XP level 6. HP: 33/50 MP: 3/14
  5856 | D:4      | Learned a level 3 spell: Conjure Flame
  5874 | D:5      | Entered Level 5 of the Dungeon
  5978 | D:5      | Reached skill level 1 in Shields
  6205 | D:5      | Found a runed door.
  6579 | D:5      | Noticed Sigmund
  6596 | D:5      | Reached XP level 7. HP: 56/56 MP: 8/15
  6875 | D:5      | Found a blossoming altar of Fedhas.
  7558 | D:5      | Killed Sigmund
  7771 | D:6      | Found a shadowy altar of Dithmenos.
  7804 | D:6      | Found a staircase to the Ecumenical Temple.
  8118 | D:6      | Reached skill level 3 in Fighting
  8434 | D:6      | Gained mutation: You can translocate small distances at will. [potion of mutation]
  8434 | D:6      | Gained mutation: You are partially covered in slimy green scales. (AC +2) [potion of mutation]
  8811 | D:6      | Found a sacrificial altar of Ru.
  8811 | D:6      | Found a radiant altar of Vehumet.
  8931 | D:6      | Noticed Edmund
  9316 | D:7      | Noticed a hippogriff
  9346 | D:7      | Killed a hippogriff
  9346 | D:7      | Reached skill level 1 in Armour
  9346 | D:7      | Reached XP level 8. HP: 26/63 MP: 10/17
  9557 | D:7      | Got a faintly glowing ring mail
  9619 | D:6      | Identified the cursed +0 ring mail of the Orb {rPois} (You found it on level 7 of the Dungeon)
  9894 | D:7      | Found Ruonku's Food Boutique.
  9965 | D:7      | Found a radiant altar of Vehumet.
 10231 | D:7      | Reached skill level 4 in Fighting
 10231 | D:7      | Reached skill level 1 in Short Blades
 10236 | D:7      | Learned a level 3 spell: Mephitic Cloud
 10879 | D:7      | Found a blossoming altar of Fedhas.
 11711 | D:8      | Reached skill level 5 in Fighting
 12373 | D:8      | Reached XP level 9. HP: 73/74 MP: 18/18
 13547 | D:9      | Found a glowing silver altar of Zin.
 13651 | D:9      | Found a staircase to the Lair.
 14432 | D:9      | Found Zoopimub's Magic Scroll Emporium.
 15692 | D:9      | Bought a scroll of enchant armour for 97 gold pieces
 15692 | D:9      | Bought a scroll of blinking for 97 gold pieces
 15692 | D:9      | Bought a scroll of teleportation for 39 gold pieces
 15748 | D:9      | Found Neemnyor's General Store.
 15752 | D:9      | Found Aclew's Jewellery Emporium.
 15756 | D:9      | Bought a +0 rapier for 56 gold pieces
 16175 | D:9      | Found Lianasule's Jewellery Boutique.
 16229 | D:9      | Reached skill level 5 in Dodging
 16242 | D:9      | Reached skill level 5 in Spellcasting
 16764 | D:10     | Entered Level 10 of the Dungeon
 16899 | D:9      | Reached skill level 6 in Fighting
 16946 | Lair:1   | Entered Level 1 of the Lair of Beasts
 17000 | Lair:1   | Noticed a komodo dragon
 17873 | D:8      | Reached XP level 10. HP: 78/83 MP: 21/21
 18352 | D:6      | Killed Edmund
 18565 | D:7      | Paralysed by a hornet for 2 turns
 20071 | D:10     | Learned a level 4 spell: Petrify
 20581 | D:9      | Reached skill level 1 in Transmutations
 20581 | D:9      | Reached skill level 1 in Earth Magic
 21445 | D:10     | Noticed a seven-headed hydra
 21727 | Lair:1   | Noticed a five-headed hydra
 21985 | D:10     | Noticed an orc knight
 22295 | D:11     | Noticed a hill giant
 23225 | D:11     | Noticed a white ugly thing
 23782 | D:10     | Killed an orc knight
 23786 | D:10     | Noticed a hill giant
 24665 | D:11     | HP: 2/83 [something (25)]
 24712 | D:10     | HP: 4/83 [phantom (2)]
 25795 | D:10     | Slain by a freezing wraith

Vault maps used:
D:1:      lightli_arrival_maybe_door_vault, minmay_misc_feat_plants
D:2:      cheibrodos_helix_gallery, ecumenical_altar_1
D:3:      cheibrodos_ashenzari_chains, uniq_terence
D:4:      elyvilon_altar_5
D:5:      basic_altar, serial_aquarium, aquarium_bridge_straight,
          aquarium_window_1, aquarium_window_fake, aquarium_view_2e,
          aquarium_view_2b, aquarium_balcony_3a, aquarium_pool_1, first_bread,
          uniq_crazy_yiuf_cottage, uniq_prince_ribbit1, uniq_sigmund
D:6:      gammafunk_temple_overflow_wave, nicolae_dithmenos_shadow_blocks,
          uniq_edmund
D:7:      fedhas_altar_2, serial_shops, shop, basic_altar
D:8:      st_stairs_10
D:9:      erik_lair_island, basic_altar, serial_shops, kennysheep_mini,
          nicolae_shop_window_shopping, shop, shop
D:10:     wad_guarded_room
D:11:     zombieorc1_lemuel
Lair:1:   lemuel_fruit_fields, grunt_megastairs_2

Skill      XL: |  1  2  3  4  5  6  7  8  9 10 |
---------------+-------------------------------+-----
Conjurations   | 1 2 3 4 |  4.4
Dodging        | 2 3 4 5 |  5.6
Stealth        | 2 |  2.1
Summonings     | 1 2 3 |  3.6
Spellcasting   | 3 4 5 |  5.6
Fighting       | 1 2 3 5 6 |  6.3
Shields        | 3 4 |  4.5
Armour         | 1 4 |  4.6
Short Blades   | 3 4 |  4.7
Transmutations | 4 |  4.8
Earth Magic    | 4 |  4.7
Translocations | |  0.8

Action                   |  1- 3 |  4- 6 |  7- 9 | 10-12 || total
-------------------------+-------+-------+-------+-------++-------
Melee: Unarmed           |     1 |       |       |       ||     1
       Dagger            |    53 |    50 |   199 |       ||   302
       Rapier            |       |       |    99 |   625 ||   724
 Cast: Magic Dart        |   148 |   152 |   438 |   117 ||   855
       Call Imp          |    14 |    23 |   155 |    94 ||   286
       Repel Missiles    |     1 |       |       |       ||     1
       Conjure Flame     |       |       |     5 |       ||     5
       Mephitic Cloud    |       |       |     6 |     5 ||    11
       Petrify           |       |       |       |    61 ||    61
       Blink             |       |       |       |     9 ||     9
  Use: Scroll            |     6 |     3 |     8 |     3 ||    20
       Potion            |     4 |     1 |     4 |     4 ||    13
 Stab: Sleeping          |     1 |     2 |       |       ||     3
       Distracted        |       |       |     4 |     3 ||     7
       Petrified         |       |       |       |    83 ||    83
  Eat: Chunk             |     7 |    11 |    24 |     9 ||    51
       Beef jerky        |       |       |     2 |       ||     2
       Fruit             |       |       |     2 |       ||     2
       Bread ration      |       |       |     1 |     2 ||     3
       Royal jelly       |       |       |     1 |       ||     1
       Meat ration       |       |       |       |     3 ||     3
Armor: Robe              |    13 |    22 |     7 |       ||    42
       Leather armour    |       |       |   218 |   350 ||   568
Dodge: Dodged            |    63 |    57 |   364 |   514 ||   998
       Deflected         |       |       |     1 |       ||     1
Block: Buckler           |       |       |   132 |   203 ||   335
